 Dungeon Crawl Stone Soup version 0.17-b1-15-g0f5fb43 (webtiles) character file.

60 radek the Conjurer (level 3, 0/19 HPs)
             Began as a Deep Elf Conjurer on Nov 3, 2015.
             Slain by a quokka (2 damage)
             ... on level 3 of the Dungeon.
             The game lasted 00:05:37 (1826 turns).

radek the Conjurer (Deep Elf Conjurer)              Turns: 1826, Time: 00:05:37

Health: 0/19       AC:  2    Str:  6    XL:     3   Next: 80%
Magic:  3/9        EV:  8    Int: 19    God:
Gold:   96         SH:  0    Dex: 15    Spells: 1 memorised, 7 levels left

rFire  . . .     SeeInvis .     l - +0 dagger
rCold  . . .     Clarity  .     a - +0 robe
rNeg   . . .     SustAt   .     (no shield)
rPois  .         Gourm    .     (no helmet)
rElec  .         Spirit   .     (no cloak)
rCorr  .         Warding  .     (no gloves)
rMut   .         Stasis   .     (no boots)
MR     .....                    (no amulet)
Stlth  ++........               (no ring)
                                (no ring)

@: not resistant to hostile enchantments, unstealthy
A: no striking features
a: no special abilities


You were on level 3 of the Dungeon.
You were hungry.

You visited 1 branch of the dungeon, and saw 3 of its levels.

You collected 96 gold pieces.

Inventory:

Hand Weapons
 l - a +0 dagger (weapon)
Armour
 a - a +0 robe (worn)
Jewellery
 m - an uncursed ring of ice {unknown}
Scrolls
 d - a scroll of remove curse {unknown}
 e - 2 scrolls of enchant weapon {unknown}
 f - a scroll of identify {unknown}
 g - a scroll of blinking {unknown}
 h - a scroll of amnesia {unknown}
 i - a scroll of recharging {unknown}
Potions
 j - a potion of lignification {unknown}
 n - a potion of heal wounds {unknown}
 o - a potion of might {unknown}
Books
 b - a book of Conjurations

   Spells                             Type                      Level
   a - Magic Dart                     Conjuration                  1
   b - Searing Ray                    Conjuration                  2
   c - Dazzling Spray                 Conjuration/Hexes            3
   d - Fulminant Prism                Conjuration/Hexes            4
   e - Iskenderun's Mystic Blast      Conjuration                  4
   f - Iskenderun's Battlesphere      Conjuration/Charms           5
Comestibles
 c - 3 bread rations
 k - 4 chunks of flesh


   Skills:
 - Level 2.4 Dodging
 - Level 2.4 Stealth
 - Level 3.0 Spellcasting
 + Level 6.0 Conjurations


You had 7 spell levels left.
You knew the following spells:

 Your Spells              Type           Power        Failure   Level  Hunger
a - Magic Dart            Conj           ####         1%          1    None


Dungeon Overview and Level Annotations

Branches:
Dungeon (3/15)

Altars:

Annotations:
D:2 Sigmund
D:3 skimmer's ghost, amateur KoBe


Message History

You don't have enough magic to cast that spell.
The quokka twitches its whiskers.
The quokka bites you.
* * * LOW HITPOINT WARNING * * *
You hit the quokka.
The quokka is moderately wounded.
The quokka barely misses you. The quokka closely misses you.
A kobold comes into view.
The kobold misses you. The quokka closely misses you.
The kobold throws a stone.
The stone completely misses you.
You see here a stone.
The kobold throws a stone.
The stone closely misses you.
You see here a stone.
The quokka twitches its whiskers.
The quokka misses you.
There is a stone staircase leading up here.
The quokka bites you.
You die...

.#.#.#.#.#.#.#.#.#.#
#.#.#.#.#.#.#.#.#.#.#
.#.#.#.#.#.#.#.#.#.#.#
#g#.#.#.#.#.#.#.#.#.#[#
.#.#.#.#.#.#.#.#.#.....
#.#.#.#.#.#g#.#.#.#...
..###.....K(#######....
#.#########(###### ...
...##..รท....Kg.r@######
...##.#...#.##......##
..........#.##..........
....#...#.#.........###.
..........#.........#
...##.#####...........
...............########
....#.######...# ....#.#
#...#


You could see a quokka, a hobgoblin and a kobold.

Vanquished Creatures
  An adder (D:2)
  2 giant geckos (D:1)
  An orc (D:3)
  2 ball pythons
  6 bats
  A giant cockroach (D:3)
  6 hobgoblins
  9 jackals
  6 kobolds
  A giant newt (D:1)
  4 goblins (D:1)
  7 rats
46 creatures vanquished.

Notes
Turn   | Place    | Note
--------------------------------------------------------------
     0 | D:1      | radek the Deep Elf Conjurer began the quest for the Orb.
     0 | D:1      | Reached XP level 1. HP: 10/10 MP: 6/6
   209 | D:1      | Reached XP level 2. HP: 15/15 MP: 5/8
   226 | D:1      | Reached skill level 5 in Conjurations
   910 | D:1      | Reached XP level 3. HP: 19/19 MP: 4/9
  1323 | D:2      | Noticed Sigmund
  1578 | D:3      | Noticed skimmer's ghost (amateur KoBe)
  1768 | D:3      | Reached skill level 6 in Conjurations
  1826 | D:3      | Slain by a quokka

Action                   || total
-------------------------++-------
Melee: Unarmed           ||    13
       Dagger            ||    13
 Cast: Magic Dart        ||    92
  Eat: Chunk             ||     2
